 Dungeon Crawl Stone Soup version 0.23.2-30-g0e89c35649 (webtiles) character file.

Game seed: 1416473502184296236

165 Hatywr the Poker (level 5, -2/38 HPs)
             Began as a Merfolk Skald on June 17, 2019.
             Slain by a gnoll
             ... wielding a +0 flail
              (12 damage)
             ... on level 3 of the Dungeon.
             The game lasted 00:07:49 (3186 turns).

Hatywr the Poker (Merfolk Skald)                    Turns: 3186, Time: 00:07:50

Health: -2/38      AC:  4    Str: 13    XL:     5   Next: 46%
Magic:  0/9        EV: 12    Int: 12    God:
Gold:   131        SH:  0    Dex: 13    Spells: 5/10 levels left

rFire    . . .     SeeInvis .   a - +0 spear
rCold    . . .     Gourm    .   (no shield)
rNeg     . . .     Faith    .   b - +0 leather armour
rPois    .         Spirit   .   l - +0 helmet
rElec    .         Reflect  .   (no cloak)
rCorr    .         Harm     .   (no gloves)
MR       .....                  (no boots)
Stlth    +.........             (no amulet)
HPRegen  0.12/turn              (no ring)
MPRegen  0.11/turn              (no ring)

@: infused, singing
A: change form in water, swift swim, stealthy swim
a: no special abilities


You were on level 3 of the Dungeon.
You were not hungry.

You visited 1 branch of the dungeon, and saw 3 of its levels.

You collected 131 gold pieces.

Inventory:

Hand Weapons
 a - a +0 spear (weapon)
Armour
 b - a +0 leather armour (worn)
 l - a +0 helmet (worn)
Jewellery
 k - an uncursed ring of protection from cold {unknown}
 r - an uncursed ring of flight {unknown}
Scrolls
 c - a scroll of fog {unknown}
 e - 4 scrolls of remove curse {unknown}
 f - a scroll of enchant weapon {unknown}
 h - 2 scrolls of teleportation {unknown}
 m - 2 scrolls of enchant armour {unknown}
 n - a scroll of amnesia {unknown}
 p - a scroll of blinking {unknown}
 q - a scroll of fear {unknown}
Potions
 g - a potion of haste {unknown}
 i - a potion of curing {unknown}
 j - 2 potions of lignification {unknown}
 o - a potion of heal wounds {unknown}
Comestibles
 d - 6 rations
 s - 4 chunks of flesh


   Skills:
 - Level 2.1 Fighting
 - Level 6.0 Polearms
 - Level 0.6 Armour
 - Level 2.6 Dodging
 + Level 3.0 Spellcasting
 + Level 4.3 Charms


You had 5 spell levels left.
You knew the following spells:

 Your Spells              Type           Power        Failure   Level  Hunger
a - Infusion              Chrm           ##..         5%          1    #......
b - Song of Slaying       Chrm           ##......     8%          2    ###....
c - Shroud of Golubria    Chrm/Tloc      #.........   19%         2    ###....

Your spell library contained the following spells:

 Spells                   Type           Power        Failure   Level  Hunger
 Regeneration             Chrm/Necr      #.........   36%         3    ###....
 Spectral Weapon          Hex/Chrm       #.......     36%         3    ###....


Dungeon Overview and Level Annotations

Branches:
Dungeon (3/15)

Altars:
Ashenzari
Elyvilon
Ru


Message History

You butcher the gnoll corpse.
s - 4 chunks of flesh (gained 3)
Things that are here:
a +0 club; a +0 whip; a gnoll skeleton You start resting.
A gnoll comes into view. It is wielding a +0 flail.
A gnoll is nearby!
You closely miss the gnoll. The gnoll barely misses you.
You hit the gnoll.
The gnoll is moderately wounded.
You hear a shout!
The gnoll hits you with a +0 flail.
* * * LOW HITPOINT WARNING * * *
You hit the gnoll.
The gnoll is heavily wounded.
A gnoll comes into view. It is wielding a +0 spear.
You hit the gnoll.
The gnoll is almost dead.
The gnoll hits you but does no damage. The gnoll hits you with a +0 flail!
You die...

#.......# #...
#.......##.#.#.# #...
#.......##.#.#.# ...
#.......##.#.#.# #.
#.......##'#'#.#####.
#.................##.
..).....####'#.........##.##.
.......g# #.#.........##.##.
......g.# #@#.........##.##.
.%......####g#.###[)..###....
........'..g.....')).)'.....>
........####.#.###....####...
........####.#.###....####...
#....g....#...............
#....÷....###...).........
#.........# +.............
###...÷.....#.#...........(.


You could see 2 gnolls.

Vanquished Creatures
  Terence (D:3)
  2 gnolls (D:3)
  5 adders
  A worm (D:3)
  A dart slug (D:3)
  4 leopard geckos
  5 orcs (D:3)
  11 bats
  2 giant cockroaches
  9 goblins
  5 hobgoblins
  7 kobolds
  12 rats
65 creatures vanquished.

Notes
Turn   | Place    | Note
-------+----------+-------------------------------------------
     0 | D:1      | Hatywr the Merfolk Skald began the quest for the Orb.
     0 | D:1      | Reached XP level 1. HP: 16/16 MP: 3/3
     6 | D:1      | Noticed a komodo dragon
     6 | D:1      | Noticed a lindwurm
     7 | D:1      | Noticed a polar bear
   136 | D:1      | Reached skill level 4 in Polearms
   136 | D:1      | Reached XP level 2. HP: 5/22 MP: 0/5
   826 | D:1      | Reached skill level 5 in Polearms
   826 | D:1      | Reached XP level 3. HP: 22/27 MP: 1/6
  1211 | D:2      | Learned a level 2 spell: Song of Slaying
  1214 | D:2      | Learned a level 2 spell: Shroud of Golubria
  1509 | D:2      | Reached skill level 6 in Polearms
  1525 | D:2      | Found a white marble altar of Elyvilon.
  1617 | D:2      | Reached XP level 4. HP: 33/33 MP: 7/7
  1815 | D:2      | Found a shattered altar of Ashenzari.
  2055 | D:3      | Noticed Terence
  2081 | D:3      | Killed Terence
  2553 | D:3      | Reached XP level 5. HP: 38/38 MP: 8/8
  2805 | D:3      | HP: 1/38 [orc/+0 hand axe (4)]
  3140 | D:3      | Found a sacrificial altar of Ru.
  3186 | D:3      | Slain by a gnoll

Skill      XL: |  1  2  3  4  5 |
---------------+----------------+-----
Polearms       | 4 5 6 |  6.0
Charms         | 4 |  4.3
Spellcasting   | 3 |  3.0
Fighting       | |  2.1
Armour         | |  0.6
Dodging        | |  2.6

Action                   |  1- 3 |  4- 6 || total
-------------------------+-------+-------++-------
Melee: Spear             |   128 |   162 ||   290
 Cast: Infusion          |     4 |     4 ||     8
       Song of Slaying   |       |     2 ||     2
 Stab: Sleeping          |     2 |       ||     2
  Eat: Chunk             |     2 |     6 ||     8
Armor: Leather armour    |    24 |    36 ||    60
Dodge: Dodged            |    55 |    66 ||   121
